 Dungeon Crawl Stone Soup version 0.17.1-2-g5865329 (webtiles) character file.

64 Alarkh the Poker (level 3, -3/27 HPs)
             Began as a Mummy Skald on Jan 14, 2016.
             Slain by Terence
             ... wielding a +5 trident of freezing
              (4 damage)
             ... on level 2 of the Dungeon.
             The game lasted 00:04:02 (1503 turns).

Alarkh the Poker (Mummy Skald)                      Turns: 1503, Time: 00:04:02

Health: -3/27      AC:  7    Str: 13    XL:     3   Next: 91%
Magic:  6/6        EV: 11    Int: 19    God:
Gold:   35         SH:  0    Dex: 15    Spells: 3 memorised, 1 level left

rFire  x . .     SeeInvis .     a - +0 spear
rCold  + . .     Clarity  .     b - +0 leather armour
rNeg   + + +     SustAt   .     (no shield)
rPois  ∞         Gourm    .     g - +2 helmet of the Fifty Wonders {Str-2 Int+7 Dex+4}
rElec  .         Spirit   .     (no cloak)
rCorr  .         Warding  .     f - +0 pair of gloves
rMut   .         Stasis   .     (no boots)
MR     .....                    (no amulet)
Stlth  +.........               (no ring)
                                (no ring)

@: confused, not resistant to hostile enchantments, very unstealthy
A: no food or potions, fire vulnerability, cold resistance 1, negative energy
resistance 3, torment resistance, unbreathing
a: no special abilities


You were on level 2 of the Dungeon.
You were not hungry.

You visited 1 branch of the dungeon, and saw 2 of its levels.

You collected 35 gold pieces.

Inventory:

Hand Weapons
 a - a +0 spear (weapon)
Armour
 b - a +0 leather armour (worn)
 f - a +0 pair of gloves (worn)
 g - the +2 helmet of the Fifty Wonders (worn) {Str-2 Int+7 Dex+4}
   (You took it off Robin on level 2 of the Dungeon)

   It affects your strength (-2).
   It affects your intelligence (+7).
   It affects your dexterity (+4).
Wands
 h - a wand of flame (19)
Scrolls
 d - a scroll of remove curse {unknown}
 e - a scroll of teleportation {unknown}
 i - a scroll of identify {unknown}
Books
 c - a book of Battle

   Spells                             Type                      Level
   a - Infusion                       Charms                       1
   b - Shroud of Golubria             Charms/Translocation         2
   c - Song of Slaying                Charms                       2
   d - Spectral Weapon                Hexes/Charms                 3
   e - Regeneration                   Charms/Necromancy            3


   Skills:
 - Level 2.0 Fighting
 + Level 3.5 Polearms
 - Level 0.7 Armour
 - Level 0.7 Dodging
 - Level 2.0 Spellcasting
 - Level 2.4 Charms


You had one spell level left.
You knew the following spells:

 Your Spells              Type           Power        Failure   Level  Hunger
a - Song of Slaying       Chrm           ##......     14%         2    N/A
b - Shroud of Golubria    Chrm/Tloc      #.........   21%         2    N/A
c - Infusion              Chrm           ##....       12%         1    N/A

Dungeon Overview and Level Annotations

Branches:
Dungeon (2/15)

Altars:

Annotations:
D:2 Terence


Innate Abilities, Weirdness & Mutations

You do not eat or drink.
Your flesh is vulnerable to fire.
You are immune to poison.
Your flesh is cold resistant.
You are immune to negative energy.
You are immune to unholy pain and torment.
You can survive without breathing.


Message History

You bump into the rock wall.
Terence hits you from afar with a trident of freezing.
* * * LOW HITPOINT WARNING * * *
You bump into the rock wall.
You bump into the rock wall.
Terence hits you but does no damage.
You bump into the rock wall.
Terence zaps a wand.
You resist with some effort. Terence closely misses you.
Terence barely misses you.
Terence zaps a wand.
You are more confused.
You bump into the rock wall.
Terence zaps a wand.
You are more confused.
You bump into the rock wall.
Terence zaps a wand.
You resist with some effort.
Terence zaps a wand.
You resist with some effort.
You bump into the rock wall.
Terence zaps a wand.
Nothing appears to happen.
You bump into the rock wall.
Terence hits you from afar with a trident of freezing.
* * * LOW HITPOINT WARNING * * *
Terence hits you with a trident of freezing.
You die...

...# #.# #.# #.#
#....# ..... ##..#
#.###.###.# #....#
..... ##.#
#...+.'...#
#.#####... #.#
#####.#####
#......... #.# #.#
#..####... ..
######'#######..#
................##
####
########.######.#
#... #..@@....#
#.## ########.#
#.#. #.########.#.
#............
##########.## #...
####


You could see Terence.

Vanquished Creatures
  Robin (D:2)
  An adder (D:2)
  3 giant geckos
  4 bats
  2 giant cockroaches
  7 hobgoblins
  4 kobolds
  6 giant newts
  11 goblins
  2 rats (D:1)
41 creatures vanquished.

Notes
Turn   | Place    | Note
--------------------------------------------------------------
     0 | D:1      | Alarkh the Mummy Skald began the quest for the Orb.
     0 | D:1      | Reached XP level 1. HP: 16/16 MP: 3/3
   201 | D:1      | Reached XP level 2. HP: 6/22 MP: 5/5
  1031 | D:2      | Reached XP level 3. HP: 27/27 MP: 1/6
  1035 | D:2      | Noticed Robin
  1045 | D:1      | Learned a level 2 spell: Song of Slaying
  1048 | D:1      | Learned a level 2 spell: Shroud of Golubria
  1141 | D:2      | Killed Robin
  1141 | D:2      | Reached skill level 3 in Polearms
  1143 | D:2      | Got a transparent helmet
  1152 | D:1      | Identified the +2 helmet of the Fifty Wonders {Str-2 Int+7 Dex+4} (You took it off Robin on level 2 of the Dungeon)
  1441 | D:2      | Noticed Terence
  1502 | D:2      | HP: 1/27 [Terence/trident of freezing (5)]
  1503 | D:2      | Slain by Terence

Action                   || total
-------------------------++-------
Melee: Spear             ||   141
 Cast: Infusion          ||    10
       Shroud of Golubri ||     2
       Song of Slaying   ||     2
